 Dungeon Crawl Stone Soup version 0.29.1-12-g30fa7ad0bf (webtiles) character file.

Game seed: 4540321961876944434

1768 retardedninja the Severer (level 9, -15/75 HPs)
             Began as a Hill Orc Fighter on Dec 15, 2022.
             Killed from afar by a gargoyle (20 damage)
             ... with a stone arrow
             ... on level 6 of the Dungeon.
             The game lasted 00:08:44 (6881 turns).

retardedninja the Severer (Hill Orc Fighter)        Turns: 6881, Time: 00:08:44

Health: -15/75     AC: 12    Str: 23      XL:     9   Next: 7%
Magic:  10/10      EV:  7    Int:  8      God:
Gold:   288        SH:  4    Dex:  8 (10) Spells: 8/8 levels left

rFire   . . .      SeeInvis .   a - +0 war axe
rCold   . . .      Faith    .   c - +0 buckler
rNeg    . . .      Spirit   .   x - +1 chain mail
rPois   +          Reflect  .   (no helmet)
rElec   +          Harm     .   l - +0 cloak
rCorr   .          Rampage  .   (no gloves)
Will    +....                   (no boots)
Stlth   ..........              (no amulet)
HPRegen 0.22/turn               d - ring "Enuregy" {rElec rPois Will+}
MPRegen 0.12/turn               (no ring)

@: flying
A: high MP 2, sense surroundings 1, screaming 1
a: no special abilities


You were on level 6 of the Dungeon.
You visited 2 branches of the dungeon, and saw 7 of its levels.

You collected 288 gold pieces.

Inventory:

Hand Weapons
 a - a +0 war axe (weapon)
Armour
 c - a +0 buckler (worn)
 l - a +0 cloak (worn)
 x - a +1 chain mail (worn)
Jewellery
 d - the ring "Enuregy" (left hand) {rElec rPois Will+}
   (You acquired it on level 4 of the Dungeon)

   [ring of willpower]

   rElec:     It insulates you from electricity.
   rPois:     It protects you from poison.
   Will:      It increases your willpower.
 e - a ring of positive energy
Wands
 g - a wand of digging (6)
 y - a wand of flame (13)
Scrolls
 h - a scroll of poison
 i - 3 scrolls of magic mapping
 j - 3 scrolls of teleportation
Potions
 f - a potion of mutation
 z - a potion of brilliance


   Skills:
 + Level 5.7 Fighting
 * Level 17.6 Axes
 + Level 5.3 Armour
 - Level 0.2 Dodging
 - Level 0.3 Stealth
 + Level 4.2 Shields
 * Level 0.9 Evocations


You had 8 spell levels left.
You didn't know any spells.
Your spell library contained the following spells:

 Spells                   Type           Power      Damage    Failure   Level
 Ensorcelled Hibernation  Hex/Ice        0%         N/A       99%         2
 Poisonous Vapours        Pois/Air       0%         N/A       99%         2
 Static Discharge         Conj/Air       0%         3-3/arc   99%         2
 Spider Form              Tmut/Pois      0%         N/A       100%        3
 Anguish                  Hex/Necr       0%         N/A       100%        4
 Corpse Rot               Necr/Pois/Air  0%         N/A       100%        4
 Lightning Bolt           Conj/Air       0%         1d11      100%        5
 Maxwell's Capacitive Co  Air            0%         ∞         100%        8


Dungeon Overview and Level Annotations

Branches:
Dungeon (6/15)             Temple (1/1) D:4

Altars:
Ashenzari
Elyvilon
Fedhas
Hepliaklqana
Makhleb
Nemelex Xobeh
Okawaru
Ru
Sif Muna
Trog
Uskayaw
Vehumet
Wu Jian
Xom
Yredelemnul
Zin
The Shining One

Shops:
D:2 *


Innate Abilities, Weirdness & Mutations

You have a considerably increased reservoir of magic. (+20% MP)
You passively map a small area around you.
You occasionally shout uncontrollably at your foes.


Message History

You hit the gargoyle.
The gargoyle is lightly damaged.
You hit the gargoyle.
The gargoyle is moderately damaged.
The gargoyle hurls a stone arrow at you.
The stone arrow misses you.
You hit the gargoyle but do no damage.
The gargoyle is moderately damaged.
The gargoyle hits you with a +0 morningstar.
You hit the gargoyle.
The gargoyle is moderately damaged.
The gargoyle hurls a stone arrow at you.
The stone arrow hits you!
* * * LOW HITPOINT WARNING * * *
You hit the gargoyle.
The gargoyle is moderately damaged.
You barely miss the gargoyle.
The gargoyle is moderately damaged.
The gargoyle closely misses you.
Sorry, you're not good enough to have a special ability.
It was a potion of curing.
You feel better.
The gargoyle hurls a stone arrow at you.
The stone arrow hits you!!
* * * LOW HITPOINT WARNING * * *
Okay, then.
It was a potion of invisibility.
You fade into invisibility!
The gargoyle barely misses you.
It was a potion of flight.
You feel very buoyant.
You fly up into the air.
The gargoyle hurls a stone arrow at something.
The gargoyle hurls a stone arrow at something.
You flicker for a moment.
The gargoyle hurls a stone arrow at something.
You hear the slow rusting of a very distant drain.
You flicker back into view.
The gargoyle hurls a stone arrow at you.
The stone arrow hits you!!
You die...

?..####............#.#
...# #####.#####....*
..## #.# *.#.#* #.#
#.# ##.#.# #.#
#.####....# #.#
#......#..# #.#
######....# #.# #....#
,.# ###@...## ***
######.......##
######.....9.......#
#......###.........#*
*#!######
#.##.......#* *#...#**
#.##........#*****
#.98...*
#.##.#$......,,,,*
#._....#**
#.##........#***,*
*#..8.....*
#.#####.....# *,*


You could see a gargoyle.

Vanquished Creatures
  Prince Ribbit (D:5)
  Sigmund (D:5)
  2 ogres
  A bullfrog (D:6)
  2 scorpions (D:4)
  A jelly (D:4)
  2 hounds
  3 orc priests
  3 iguanas
  Ijyb (D:4)
  6 adders
  A white imp (D:5)
  An ufetubus (D:5)
  6 dart slugs
  9 orcs
  7 ball pythons
  4 bats (D:1)
  9 endoplasms
  4 giant cockroaches
  9 hobgoblins
  4 kobolds
  A quokka (D:2)
  6 frilled lizards
  7 goblins
  5 rats
96 creatures vanquished.

Notes
Turn   | Place    | Note
-------+----------+-------------------------------------------
     0 | D:1      | retardedninja the Hill Orc Fighter began the quest for the
                  | Orb.
     0 | D:1      | Reached XP level 1. HP: 19/19 MP: 1/1
   362 | D:1      | Reached XP level 2. HP: 27/27 MP: 2/2
   418 | D:1      | Reached skill level 3 in Axes
  1013 | D:1      | Reached XP level 3. HP: 32/33 MP: 3/3
  1639 | D:2      | Reached skill level 4 in Axes
  1843 | D:2      | Found Ythrizaji's General Store.
  1848 | D:2      | Reached XP level 4. HP: 40/40 MP: 4/4
  1993 | D:2      | Found a faded altar of an unknown god.
  2296 | D:3      | Reached XP level 5. HP: 42/46 MP: 5/5
  2549 | D:4      | Reached skill level 5 in Axes
  2558 | D:4      | Noticed an ogre
  2564 | D:4      | Killed an ogre
  2565 | D:4      | Reached skill level 6 in Axes
  2565 | D:4      | Reached XP level 6. HP: 47/53 MP: 6/6
  3339 | D:4      | Found a staircase to the Ecumenical Temple.
  3537 | Temple   | Entered the Ecumenical Temple
  3711 | D:4      | Found a shimmering blue altar of Sif Muna.
  3867 | D:5      | Entered Level 5 of the Dungeon
  3885 | D:5      | Reached skill level 7 in Axes
  3933 | D:5      | Reached skill level 5 in Fighting
  3933 | D:5      | Reached XP level 7. HP: 60/61 MP: 7/7
  4096 | D:5      | Noticed Prince Ribbit
  4114 | D:5      | HP: 2/61 [Prince Ribbit (14)]
  4116 | D:5      | Gained mutation: You have an increased reservoir of magic.
                  | (+10% MP) [potion of mutation]
  4116 | D:5      | Gained mutation: You occasionally shout uncontrollably at
                  | your foes. [potion of mutation]
  4116 | D:5      | Gained mutation: You have a considerably increased
                  | reservoir of magic. (+20% MP) [potion of mutation]
  4116 | D:5      | Gained mutation: You passively map a small area around you.
                  | [potion of mutation]
  4130 | D:5      | HP: 2/61 [Prince Ribbit (12)]
  4132 | D:5      | Killed Prince Ribbit
  4133 | D:5      | Reached skill level 5 in Armour
  4876 | D:4      | Identified a scroll of acquirement
  4876 | D:4      | Acquired the ring "Enuregy" {rElec rPois Will+}
  5534 | D:4      | Reached skill level 17 in Axes
  5534 | D:4      | Reached XP level 8. HP: 69/69 MP: 9/9
  6045 | D:5      | Noticed Ijyb
  6386 | D:4      | Killed Ijyb
  6572 | D:5      | Noticed Sigmund
  6581 | D:5      | Killed Sigmund
  6582 | D:5      | Reached XP level 9. HP: 75/75 MP: 10/10
  6849 | D:6      | Found a sparkling altar of Nemelex Xobeh.
  6849 | D:6      | Noticed a gargoyle
  6863 | D:6      | HP: 1/75 [gargoyle/stone arrow (21)]
  6881 | D:6      | Killed from afar by a gargoyle

Illustrated notes

Levels and vault maps discovered:
D:1:      dpeg_arrival_signposts, layout_basic
D:2:      layout_loops_ring, serial_shops, nicolae_diamond_shop,
          hellmonk_ecumenical_altar_prayer_group
D:3:      layout_basic
D:4:      layout_gridville, mainiacjoe_overflow_alcove_4, temple_green
D:5:      layout_cave_pools, kennysheep_nondescript, uniq_sigmund,
          uniq_prince_ribbit1, uniq_ijyb
D:6:      layout_loops_ring, mainiacjoe_overflow_24_doors,
          lemuel_coloured_pillars_altar, grunt_temple_overflow_cloverleaf,
          portal_sewer_entry_e, ebering_ghost_sewer_f, hangedman_feature_mirror
Temple:   nicolae_temple_superstar

Skill      XL: |  1  2  3  4  5  6  7 |
---------------+----------------------+-----
Axes           | 3 4 6 7 17 | 17.6
Fighting       | 4 5 |  5.7
Armour         | 4 5 |  5.3
Shields        | 4 |  4.2
Dodging        | |  0.2
Stealth        | |  0.3
Evocations     | |  0.9

Action                   |  1- 3 |  4- 6 |  7- 9 || total
-------------------------+-------+-------+-------++-------
Melee: War axe           |   103 |    86 |   105 ||   294
  Use: Potion            |       |     2 |    10 ||    12
       Scroll            |       |       |    17 ||    17
Armor: Scale mail        |    57 |     7 |       ||    64
       Chain mail        |       |    36 |    39 ||    75
Dodge: Dodged            |    54 |    30 |    30 ||   114
Block: Buckler           |    21 |    16 |    20 ||    57
